 Dungeon Crawl Stone Soup version 0.26-a0-1106-g6dfc622489 (webtiles) character file.

Game seed: 11547973895042825385

13113 ANON1729 the Transmogrifier (level 12, -13/91 HPs)
             Began as a Merfolk Transmuter on Dec 16, 2020.
             Was a High Priest of Uskayaw.
             Mangled by a shadow (28 damage)
             ... on level 13 of the Dungeon.
             The game lasted 00:27:32 (16072 turns).

ANON1729 the Transmogrifier (Merfolk Transmuter)   Turns: 16072, Time: 00:27:33

Health: -13/91     AC:  8    Str: 18    XL:     12   Next: 2%
Magic:  20/21      EV: 18    Int: 20    God:    Uskayaw [*****.]
Gold:   794        SH:  0    Dex: 15    Spells: 9/24 levels left

rFire    . . .     SeeInvis .     - Unarmed
rCold    + . .     Faith    +   (shield currently unavailable)
rNeg     . . .     Spirit   .   a - +0 robe
rPois    .         Reflect  .   j - +1 helmet
rElec    +         Harm     .   D - +2 cloak
rCorr    .         Rampage  .   (gloves currently unavailable)
Will     .....                  C - +0 pair of boots
Stlth    +.........             y - amulet of Jinlul {Faith *Contam *Corrode rElec Int+5}
HPRegen  0.25/turn              J - ring of protection from cold
MPRegen  0.17/turn              k - +6 ring of strength

@: blade hands
A: change form in water, swift swim, stealthy swim
a: End Transformation, Stomp, Line Pass, Grand Finale, Renounce Religion


You were on level 13 of the Dungeon.
You worshipped Uskayaw.
Uskayaw was noncommittal.
You had blades for hands.
You visited 2 branches of the dungeon, and saw 14 of its levels.
You also visited: Bailey.

You collected 794 gold pieces.

Inventory:

Missiles
 r - 22 poisoned darts
Armour
 a - a +0 robe (worn)
 j - a +1 helmet (worn)
 A - a scarf of harm
 C - a +0 pair of boots (worn)
 D - a +2 cloak (worn)
Jewellery
 k - a +6 ring of strength (right scythe-like blade)
 m - an uncursed ring of willpower
 t - an uncursed ring of wizardry
 v - an uncursed ring of ice
 w - a +6 ring of strength
 y - the amulet of Jinlul (around neck) {Faith *Contam *Corrode rElec Int+5}
   (You found it on level 4 of the Dungeon)

   [amulet of faith]

   It allows you to gain divine favour quickly.
   It affects your intelligence (+5).
   It insulates you from electricity.
   It causes magical contamination when unequipped.
   It may corrode you when you take damage.
 H - an uncursed ring of see invisible
 J - a ring of protection from cold (left scythe-like blade)
 M - an uncursed ring of flight
 S - a +4 ring of evasion
 T - a +6 ring of intelligence {unknown}
Wands
 E - a wand of flame (39)
 I - a wand of random effects (17) (quivered)
 L - a wand of enslavement (8)
 P - a wand of disintegration (15)
 R - a wand of acid (16)
Scrolls
 b - a scroll of random uselessness {unknown}
 c - 4 scrolls of enchant weapon
 f - 4 scrolls of magic mapping
 h - 12 scrolls of remove curse
 q - 5 scrolls of teleportation
 u - 3 scrolls of enchant armour
 B - a scroll of fear {unknown}
 F - 2 scrolls of fog {unknown}
 G - 2 scrolls of vulnerability {unknown}
 N - a scroll of amnesia
 Q - a scroll of noise {unknown}
Potions
 d - 2 potions of lignification {unknown}
 e - 5 potions of curing
 g - 4 potions of heal wounds {unknown}
 i - 3 potions of ambrosia {unknown}
 l - 2 potions of degeneration {unknown}
 n - 2 potions of mutation
 o - a potion of brilliance {unknown}
 p - 3 potions of attraction {unknown}
 s - a potion of magic {unknown}
 x - 7 potions of flight {unknown}
 z - 3 potions of might {unknown}
 K - a potion of cancellation {unknown}
 O - a potion of resistance {unknown}


   Skills:
 + Level 7.4 Fighting
 + Level 9.4 Dodging
 * Level 11.0 Unarmed Combat
 + Level 6.5 Spellcasting
 * Level 11.8 Transmutations
 * Level 7.5 Invocations


You had 9 spell levels left.
You knew the following spells:

 Your Spells              Type           Power        Failure   Level
a - Beastly Appendage     Tmut           ######       7%          1
b - Wereblood             Tmut           ######..     8%          2
c - Spider Form           Tmut/Pois      ####......   24%         3
d - Blade Hands           Tmut           ######....   22%         5
e - Ice Form              Ice/Tmut       ####....     43%         4

Your spell library contained the following spells:

 Spells                   Type           Power        Failure   Level
 Animate Skeleton         Necr           #.....       45%         1
 Magic Dart               Conj           #...         45%         1
 Pain                     Necr           #...         45%         1
 Blink                    Tloc           N/A          56%         2
 Call Imp                 Summ           #.......     56%         2
 Searing Ray              Conj           #.....       56%         2
 Slow                     Hex            #.......     56%         2
 Conjure Flame            Conj/Fire      #.......     73%         3
 Dazzling Flash           Conj/Hex       #.....       73%         3
 Mephitic Cloud           Conj/Pois/Air  #.......     73%         3
 Vampiric Draining        Necr           #.........   73%         3
 Animate Dead             Necr           #.........   95%         4
 Fulminant Prism          Conj/Hex       #.........   95%         4
 Iskenderun's Mystic Bla  Conj/Tloc      #.......     95%         4
 Agony                    Necr           #.......     99%         5


Dungeon Overview and Level Annotations

Branches:
Dungeon (13/15)            Temple (1/1) D:7            Lair (0/6) D:9
    Orc (0/2) D:9          Bailey (visited)
 Vaults: D:13-14

Altars:
Ashenzari
Cheibriados
Dithmenos
Elyvilon
Fedhas
Gozag
Kikubaaqudgha
Makhleb
Nemelex Xobeh
Okawaru
Qazlal
Ru
Sif Muna
Trog
Uskayaw
Vehumet
Wu Jian
Xom
Yredelemnul
Zin
The Shining One

Shops:
D:7 (   D:12 (

Annotations:
D:5 1 runed translucent door, Morbidden's ghost, novice DsFi


Message History

You can't perceive a target there!
Aiming: Grand Finale
Press: ? - help, Shift-Dir - straight line, f - you Unknown command.
You hit something. You closely miss something.
The shadow strikes at you from the darkness!
* * * LOW HITPOINT WARNING * * *
Reactivating autopickup.
Aiming: Grand Finale
Press: ? - help, Shift-Dir - straight line, f - shadow
Aim: a shadow (lightly damaged)
You fail to use your ability.
The shadow slips into darkness.
The shadow flickers and vanishes!
Deactivating autopickup; reactivate with Ctrl-A.
Okay, then.
It was a potion of curing.
You feel better.
The shadow strikes at you from the darkness!
You die...

#...........#
#...........#
#.......)...#
#........<..#
#...........#
#.....(.....#
#$..........#
###.######{........!.#
.......).@.............
######.#############.###
#. .# #. .# #. #y #. y.


There were no monsters in sight!

Vanquished Creatures
  Fannar (D:11)
  A boulder beetle (D:13)
  A two-headed ogre (D:11)
  2 ugly things
  A cyclops (D:12)
  A manticore (D:12)
  Maurice (D:8)
  3 centaur skeletons (D:12)
  A troll (D:9)
  2 shadows
  4 yaks (D:12)
  A wyvern (D:11)
  Eustachio (D:4)
  A vampire mosquito (D:13)
  4 soldier ants
  4 sky beasts
  9 orc warriors
  A black bear (D:6)
  2 phantoms
  3 ice beasts
  A necrophage (D:9)
  7 centaurs
  5 ogres
  3 wolves (D:9)
  5 bullfrogs
  3 scorpions
  7 killer bees
  3 electric eels (D:9)
  7 wights
  6 howler monkeys
  2 centaur zombies
  3 bullfrog zombies
  2 quasits
  A gnoll shaman (D:7)
  12 hounds
  7 jellies
  6 orc wizards
  Crazy Yiuf (D:4)
  8 orc priests
  2 bullfrog skeletons
  4 iguanas
  2 worker ants (D:12)
  A hound zombie (D:8)
  A hound skeleton (D:8)
  Robin (D:1)
  9 adders
  7 gnolls
  2 white imps
  3 ufetubi
  3 oozes
  An adder skeleton (D:6)
  2 worms
  4 dart slugs
  2 leopard geckos
  44 orcs
  8 giant cockroaches
  10 hobgoblins
  8 jackals
  7 quokkas
  A ball python (D:2)
  6 bats
  A frilled lizard (D:1)
  25 goblins
  A jackal skeleton (D:6)
  4 kobolds
  A quokka skeleton (D:4)
  A quokka zombie (D:6)
  4 rats
298 creatures vanquished.

Vanquished Creatures (others)
  A centaur (D:7)
1 creature vanquished.

Grand Total: 299 creatures vanquished

Notes
Turn   | Place    | Note
-------+----------+-------------------------------------------
     0 | D:1      | ANON1729 the Merfolk Transmuter began the quest for the
                  | Orb.
     0 | D:1      | Reached XP level 1. HP: 15/15 MP: 3/3
   372 | D:1      | Reached XP level 2. HP: 17/21 MP: 5/5
  1324 | D:1      | Reached XP level 3. HP: 24/26 MP: 6/6
  1461 | D:2      | Noticed Robin
  1841 | D:1      | Killed Robin
  2253 | D:2      | Found a snail-covered altar of Cheibriados.
  2259 | D:2      | Reached XP level 4. HP: 33/33 MP: 7/7
  2985 | D:3      | Reached XP level 5. HP: 26/38 MP: 8/8
  3003 | D:3      | Learned a level 2 spell: Wereblood
  3007 | D:3      | Learned a level 3 spell: Spider Form
  4192 | D:4      | Got a transparent amethyst amulet
  4197 | D:4      | Found an opulent altar of Gozag.
  4223 | D:4      | Identified the amulet of Jinlul {Faith *Contam *Corrode
                  | rElec Int+5} (You found it on level 4 of the Dungeon)
  4256 | D:4      | Reached skill level 5 in Unarmed Combat
  4256 | D:4      | Reached XP level 6. HP: 45/46 MP: 10/10
  4492 | D:5      | Entered Level 5 of the Dungeon
  4818 | D:5      | Noticed a sky beast
  4847 | D:5      | Killed a sky beast
  4848 | D:5      | Reached XP level 7. HP: 29/52 MP: 8/11
  5109 | D:5      | Found a runed translucent door.
  5110 | D:5      | Noticed Morbidden's ghost (novice DsFi)
  5455 | D:5      | Found a basalt altar of Yredelemnul.
  6034 | D:4      | Noticed Eustachio
  6047 | D:4      | Killed Eustachio
  6048 | D:4      | Reached skill level 5 in Dodging
  6048 | D:4      | Reached skill level 5 in Transmutations
  6144 | D:4      | Found a runed translucent door.
  6145 | D:4      | Noticed Crazy Yiuf
  6319 | D:4      | Killed Crazy Yiuf
  6551 | D:6      | Learned a level 5 spell: Blade Hands
  6761 | D:6      | Found a sacrificial altar of Ru.
  6761 | D:6      | Found a faded altar of an unknown god.
  6766 | D:6      | Found a faded altar of an unknown god.
  6768 | D:6      | Found an iron altar of Okawaru.
  6770 | D:6      | Found a blossoming altar of Fedhas.
  6863 | D:6      | Reached XP level 8. HP: 48/60 MP: 13/13
  7165 | D:6      | Found a broken altar of Ashenzari.
  7404 | D:6      | Found a bloodstained altar of Trog.
  7760 | D:7      | Found a staircase to the Ecumenical Temple.
  7769 | Temple   | Entered the Ecumenical Temple
  7894 | Temple   | Became a worshipper of Uskayaw the Reveller
  7938 | D:7      | Reached * piety under Uskayaw
  7939 | D:7      | Reached ** piety under Uskayaw
  7988 | D:7      | Reached *** piety under Uskayaw
  8160 | D:7      | Reached **** piety under Uskayaw
  8170 | D:7      | Reached ***** piety under Uskayaw
  8386 | D:7      | Reached XP level 9. HP: 66/66 MP: 9/15
  8809 | D:7      | Found Rehynwunt's Weapon Shop.
  9076 | D:8      | Reached skill level 5 in Fighting
  9086 | D:8      | Found a flagged portal.
  9149 | Bailey   | Entered a bailey
  9158 | Bailey   | Learned a level 4 spell: Ice Form
  9778 | D:8      | Reached skill level 1 in Invocations
  9784 | D:8      | Reached ****** piety under Uskayaw
  9850 | D:8      | Noticed Maurice
  9891 | D:8      | Killed Maurice
 10243 | D:8      | Found a glowing golden altar of the Shining One.
 10278 | D:8      | Reached skill level 5 in Spellcasting
 10691 | D:9      | Reached XP level 10. HP: 75/75 MP: 11/17
 10698 | D:9      | Found a staircase to the Orcish Mines.
 11469 | D:9      | Found a staircase to the Lair.
 11912 | D:9      | You fall into a shaft and drop 3 floors!
 12121 | D:12     | Reached skill level 10 in Transmutations
 12121 | D:12     | Reached skill level 5 in Invocations
 12137 | D:12     | Noticed a cyan ugly thing
 12151 | D:12     | Killed a cyan ugly thing
 12166 | D:12     | Noticed a manticore
 12176 | D:12     | Killed a manticore
 12177 | D:12     | Reached skill level 10 in Unarmed Combat
 12177 | D:12     | Reached XP level 11. HP: 38/83 MP: 14/19
 12492 | D:12     | Noticed a cyclops
 12507 | D:12     | Killed a cyclops
 13458 | D:12     | Found Yssiossu's Antique Weapon Shoppe.
 13535 | D:11     | Noticed a two-headed ogre
 13609 | D:11     | Noticed Fannar
 13739 | D:11     | Killed Fannar
 13821 | D:11     | Noticed a white ugly thing
 13835 | D:11     | Killed a white ugly thing
 14262 | D:11     | Killed a two-headed ogre
 14911 | D:10     | Entered Level 10 of the Dungeon
 15742 | D:13     | Noticed a boulder beetle
 15751 | D:13     | Killed a boulder beetle
 16057 | D:13     | Reached XP level 12. HP: 70/91 MP: 17/21
 16072 | D:13     | Mangled by a shadow

Illustrated notes

Levels and vault maps discovered:
D:1:      moated_graveyard_arrival, layout_basic
D:2:      layout_loops_ring, kennysheep_slug_shrine, hangedman_decor_riveting,
          uniq_robin
D:3:      layout_rooms, serial_corexii_hall, corexii_hall_statues_u,
          corexii_hall_statues_t, minmay_misc_feat_roman
D:4:      layout_basic, nicolae_gozag_seed_capital, serial_glass,
          glass_columns_c, glass_columns_a, grunt_decor_one_mirror,
          uniq_crazy_yiuf_cottage, uniq_eustachio
D:5:      layout_loops_ring, yredelemnul_altar_generic,
          ebering_ghost_inner_flame
D:6:      layout_basic, kennysheep_mini_moat, lemuel_coloured_pillars_altar,
          chequers_temple_overflow_minitemple, dk_noncrumbling_3
D:7:      layout_rooms, minmay_temple_entry_tees, serial_shops, shop,
          minmay_misc_feat_encased
D:8:      layout_cave_pools, kennysheep_mini, enter_bailey_3, uniq_maurice
D:9:      layout_loops_corners, nicolae_overflow_hidden_temple,
          erik_lair_island, david_orc_2
D:10:     layout_basic, hangedman_pestilent_swarm
D:11:     layout_long_grid, uniq_fannar
D:12:     layout_basic, serial_shops, nicolae_shop_competitors_out_of_business
D:13:     layout_small_grid
Temple:   minmay_temple_bridge_abc

Skill      XL: |  1  2  3  4  5  6  7  8  9 10 11 |
---------------+----------------------------------+-----
Transmutations | 3 4 5 7 8 10 11 | 11.8
Dodging        | 3 4 5 6 7 8 9 |  9.4
Unarmed Combat | 4 5 6 7 8 10 11 | 11.0
Fighting       | 2 3 4 5 6 7 |  7.4
Spellcasting   | 3 4 5 6 |  6.5
Invocations    | 3 5 7 |  7.5

Action                   |  1- 3 |  4- 6 |  7- 9 | 10-12 || total
-------------------------+-------+-------+-------+-------++-------
Melee: Unarmed           |   166 |   195 |   273 |   327 ||   961
       Punch             |     1 |     4 |    11 |    11 ||    27
       Headbutt          |     2 |     5 |       |       ||     7
       Tailslap          |     2 |       |       |     3 ||     5
 Cast: Beastly Appendage |     4 |     4 |       |       ||     8
       Spider Form       |       |     4 |    10 |       ||    14
       Wereblood         |       |     1 |     1 |       ||     2
       Blade Hands       |       |       |    16 |    25 ||    41
 Abil: End Transformatio |       |       |     1 |       ||     1
Evoke: Wand              |       |       |    11 |     1 ||    12
  Use: Scroll            |       |       |     2 |     6 ||     8
       Potion            |       |       |       |     1 ||     1
 Stab: Sleeping          |     1 |     1 |     1 |     1 ||     4
       Paralysed         |       |       |     5 |    27 ||    32
Armor: Robe              |    46 |    33 |    72 |    42 ||   193
       Skin              |       |     3 |    12 |       ||    15
Dodge: Dodged            |   136 |   155 |   281 |   190 ||   762

Table legend: (Time is in decaauts)
 A = Elapsed time spent in this place.
 B = Non-inter-level travel time spent in this place.
 C = Inter-level travel time spent in this place.
 D = Time resting spent in this place.
 E = Time spent auto-exploring this place.
 F = Levels seen in this place.
 G = Mean time per level.
                   A        B        C        D        E       F      G
               +--------+--------+--------+--------+--------+-----+--------+
         Total |  15895 |  15291 |    604 |   2960 |  10095 |  15 | 1059.7 |
       Dungeon |  15493 |  14917 |    576 |   2717 |  10021 |  13 | 1191.8 |
        Temple |    103 |     75 |     28 |      0 |     74 |   1 |  103.0 |
        Bailey |    298 |    298 |      0 |    243 |      0 |   1 |  298.0 |
               +--------+--------+--------+--------+--------+-----+--------+

Top non-repeatable levels by time:
    D:12: 1996 daAuts
     D:1: 1959 daAuts
     D:5: 1410 daAuts
     D:2: 1374 daAuts
     D:6: 1350 daAuts
    D:11: 1328 daAuts
     D:7: 1292 daAuts
     D:9: 1214 daAuts
     D:8: 1116 daAuts
     D:4: 858 daAuts
     D:3: 810 daAuts
    D:10: 701 daAuts
  Bailey: 298 daAuts
  Temple: 103 daAuts
    D:13: 81 daAuts
